 Dungeon Crawl Stone Soup version 0.29.1-1-gd02db6906a (webtiles) character file.

Game seed: 8084617849694062783

22164 Icepheonix32 the Fighter (level 12, -1/105 HPs)
             Began as a Minotaur Fighter on Sept 19, 2022.
             Was an Elder of Hepliaklqana.
             Slain by a meliai
             ... wielding a +1 hand axe of freezing
              (9 damage)
             ... on level 13 of the Dungeon.
             The game lasted 00:27:31 (18043 turns).

Icepheonix32 the Fighter (Minotaur Fighter)        Turns: 18043, Time: 00:27:32

Health: -1/105     AC:  9    Str: 28    XL:     12   Next: 60%
Magic:  11/11      EV: 14    Int: 11    God:    Hepliaklqana [****..]
Gold:   822        SH: 12    Dex: 12    Spells: 11/11 levels left

rFire   . . .      SeeInvis .   u - +10 dagger "Ulobales" {holy, rElec rF- rC+}
rCold   + + .      Faith    .   C - +1 buckler of Cemyty {-Cast Rampage rN+ Str+4}
rNeg    + + .      Spirit   .   G - +0 acid dragon scales
rPois   .          Reflect  +   j - +0 hat
rElec   +          Harm     .   L - scarf {rC+ rF+}
rCorr   +          Rampage  +   (no gloves)
Will    .....      NoCast   +   (no boots)
Stlth   ++........              k - amulet of reflection
HPRegen 0.27/turn               a - ring of positive energy
MPRegen 0.12/turn               P - +6 ring of intelligence

@: studying Armour
A: reduced essence, horns 2, retaliatory headbutt, mutation resistance 1
a: Renounce Religion, Recall Ancestor, Ancestor Identity, Transference, Idealise


You were on level 13 of the Dungeon.
You worshipped Hepliaklqana.
Hepliaklqana was greatly pleased with you.
You visited 2 branches of the dungeon, and saw 14 of its levels.
You also visited: Bailey.

You collected 822 gold pieces.

Inventory:

Hand Weapons
 c - a +4 long sword
 f - a +0 vampiric executioner's axe
 t - a +2 falchion of freezing
 u - the +10 dagger "Ulobales" (weapon) {holy, rElec rF- rC+}
   (You found it on level 4 of the Dungeon)

   It has been blessed by the Shining One to cause great damage to the undead
   and demons.
   rF:        It makes you vulnerable to fire.
   rC:        It protects you from cold.
   rElec:     It insulates you from electricity.
 M - a +4 vampiric spear
Missiles
 n - a throwing net
 O - 5 boomerangs (quivered)
Armour
 j - a +0 hat (worn)
 m - a +0 chain mail
 q - a +0 plate armour
 s - a +3 leather armour of cold resistance
 y - a +0 cloak
 z - a +2 robe of fire resistance
 C - the +1 buckler of Cemyty (worn) {-Cast Rampage rN+ Str+4}
   (You acquired it on level 9 of the Dungeon)

   Str:       It affects your strength (+4).
   rN:        It protects you from negative energy.
   -Cast:     It prevents spellcasting.
   Rampage:   It bestows one free step when moving towards enemies.
 G - +0 acid dragon scales (worn)
 H - +0 steam dragon scales
 L - a scarf of resistance (worn)
Jewellery
 a - a ring of positive energy (left hand)
 b - a ring of fire
 k - an amulet of reflection (around neck)
 v - an amulet of magic regeneration
 w - an amulet of guardian spirit
 B - an amulet of faith
 P - a +6 ring of intelligence (right hand)
Wands
 p - a wand of iceblast (12)
 A - a wand of digging (13)
 I - a wand of flame (38)
 J - a wand of quicksilver (8)
 N - a wand of polymorph (3)
Scrolls
 g - 6 scrolls of teleportation
 h - a scroll of enchant weapon
 o - a scroll of identify
 r - 4 scrolls of enchant armour
 E - 3 scrolls of blinking
 F - a scroll of summoning
 K - a scroll of fear
Potions
 d - a potion of curing
 e - a potion of resistance
 i - a potion of brilliance
 l - 4 potions of degeneration
 D - a potion of magic


   Skills:
 * Level 14.0 Fighting
 + Level 10.2 Short Blades
 - Level 4.1 Axes
 + Level 0.6 Throwing
 + Level 11.7 Armour
 + Level 7.9 Dodging
 + Level 4.9 Stealth
 + Level 10.1 Shields
 + Level 0.1 Invocations
 + Level 2.1 Evocations


You had 11 spell levels left.
You didn't know any spells.
Your spell library contained the following spells:

 Spells                   Type           Power      Damage    Failure   Level
 Apportation              Tloc           0%         N/A       45%         1
 Blink                    Tloc           0%         N/A       58%         2
 Ensorcelled Hibernation  Hex/Ice        0%         N/A       58%         2
 Passwall                 Tmut/Erth      0%         N/A       58%         2
 Poisonous Vapours        Pois/Air       0%         N/A       58%         2
 Swiftness                Air            0%         N/A       83%         3
 Anguish                  Hex/Necr       0%         N/A       99%         4
 Corpse Rot               Necr/Pois/Air  0%         N/A       99%         4
 Manifold Assault         Tloc           0%         N/A       100%        5
 Enfeeble                 Hex            0%         N/A       100%        7
 Storm Form               Tmut/Air       0%         N/A       100%        7


Dungeon Overview and Level Annotations

Branches:
Dungeon (13/15)            Temple (1/1) D:5            Lair (0/5) D:8
    Orc (0/2) D:10         Bailey (visited)
 Vaults: D:13-14

Altars:
Ashenzari
Cheibriados
Dithmenos
Elyvilon
Fedhas
Gozag
Hepliaklqana
Kikubaaqudgha
Makhleb
Nemelex Xobeh
Okawaru
Qazlal
Ru
Sif Muna
Trog
Uskayaw
Vehumet
Wu Jian
Xom
Yredelemnul
Zin
The Shining One

Shops:
D:6 :   D:9 ?

Portals:
Trove: D:13 (lose all piety)

Annotations:
D:3 2 transporters, masschaos23's ghost, amateur HOFi


Innate Abilities, Weirdness & Mutations

Your life essence is reduced to manifest your ancestor. (-10% HP)
You have a pair of horns on your head.
You reflexively headbutt those who attack you in melee.
You are somewhat resistant to further mutation.


Message History

You are too injured to fight recklessly!
Unknown command.
You are too injured to fight recklessly!
Unknown command.
You swap places.
The meliai barely misses Kheti.
The meliai misses Kheti.
The meliai closely misses Kheti.
The meliai stings Kheti!
The meliai hits Kheti with a +1 hand axe of freezing!
The meliai freezes Kheti.
The meliai stings Kheti.
The meliai invokes the aid of its god against you.
Something smites you!
Kheti casts a spell at the meliai.
The meliai appears confused.
The meliai misses Kheti.
The meliai stings Kheti.
The meliai hits Kheti with a +1 hand axe of freezing!
The meliai freezes Kheti.
Kheti is destroyed!
You block the meliai's attack. The meliai barely misses you.
You catch the helpless meliai completely off-guard!
You impale the meliai!!
You kill the meliai!
Your Fighting skill increases to level 14!
Unknown command.
The meliai mumbles some strange prayers to its god against you.
Something smites you!
* * * LOW HITPOINT WARNING * * *
The meliai calls down the wrath of its god upon you.
Something smites you!
* * * LOW HITPOINT WARNING * * *
Things that are here:
a +0 hand axe; a +0 robe You hit the meliai but do no damage.
Your headbutt misses the meliai. You block the meliai's attack. x2
Unknown command.
You hit the meliai.
The meliai is lightly wounded.
The meliai mumbles some strange prayers to its god against you.
Something smites you!
* * * LOW HITPOINT WARNING * * *
The meliai hits you with a +1 hand axe of freezing!
You die...

##########
####......@.##
####....####.y..#
####....####
##....# .......##
#........
########
#..#....#
..###..## ### .##
# ..... #....


You could see a meliai.

Vanquished Creatures
  A boulder beetle (D:12)
  A hydra (D:12)
  3 two-headed ogres
  3 tengu warriors (D:13)
  A soul eater (D:12)
  The ghost of funnyparkerb the Carver, a novice MfMo of Okawaru (D:7)
  2 deep elf pyromancers
  A cyclops (D:11)
  A manticore (D:13)
  2 ugly things (D:12)
  A gargoyle (D:6)
  A smoke demon (D:12)
  A komodo dragon (D:8)
  2 kobold demonologists (D:10)
  An ice devil (D:12)
  A tengu conjurer (D:13)
  A hellwing (D:12)
  2 trolls
  2 meliai (D:13)
  2 slime creatures (D:12)
  Sigmund (D:6)
  2 wraiths
  4 shadows
  A vampire (D:9)
  A steam dragon (D:8)
  10 vampire mosquitoes
  2 acid dragons
  3 water moccasins
  14 orc warriors
  A black bear (D:8)
  9 centaurs
  A phantom (D:5)
  4 kobold brigands
  2 bullfrogs (D:8)
  3 gnoll sergeants
  A scorpion (D:8)
  6 wights
  An elephant simulacrum (D:13)
  18 killer bees
  A howler monkey (D:5)
  A quasit (D:12)
  3 hounds (D:5)
  3 orc priests
  A gnoll bouda (D:8)
  Terence (D:2)
  A hexer (D:10)
  2 iguanas
  8 orc wizards
  2 polar bear simulacra (D:13)
  A troll simulacrum (D:13)
  4 spriggan simulacra (D:13)
  17 gnolls
  2 adders (D:2)
  A shadow imp (D:6)
  A white imp (D:6)
  An ufetubus (D:5)
  3 adder zombies (D:4)
  3 worms
  3 dart slugs
  29 orcs
  9 ball pythons
  4 endoplasms
  2 giant cockroaches (D:2)
  4 goblins
  9 hobgoblins
  2 jackals (D:3)
  18 kobolds
  2 quokkas
  4 bats
  5 frilled lizards
  A quokka zombie (D:4)
  3 rats
265 creatures vanquished.

Vanquished Creatures (collateral kills)
  A boulder beetle (D:11)
  A two-headed ogre (D:10)
  An orc knight (Bailey)
  2 cyclopes (D:12)
  Joseph (D:8)
  2 slime creatures (D:12)
  A vampire mosquito (D:13)
  An acid dragon (D:8)
  2 orc warriors
  A wight (D:9)
  A killer bee (D:10)
  An orc priest (D:12)
  2 orc wizards (D:10)
  5 orcs
22 creatures vanquished.

Vanquished Creatures (others)
  14 hexers
  14 fungi (D:8)
  43 plants
71 creatures vanquished.

Grand Total: 358 creatures vanquished

Notes
Turn   | Place    | Note
-------+----------+-------------------------------------------
     0 | D:1      | Icepheonix32 the Minotaur Fighter began the quest for the
                  | Orb.
     0 | D:1      | Reached XP level 1. HP: 19/19 MP: 0/0
   222 | D:1      | Reached skill level 4 in Fighting
   222 | D:1      | Reached XP level 2. HP: 27/27 MP: 1/1
   603 | D:2      | Noticed Terence
   610 | D:2      | Killed Terence
   611 | D:2      | Reached XP level 3. HP: 30/34 MP: 2/2
   901 | D:2      | Reached XP level 4. HP: 41/41 MP: 3/3
  1517 | D:3      | Found a transporter.
  1518 | D:3      | Noticed an ogre
  1518 | D:3      | Noticed masschaos23's ghost (amateur HOFi)
  1519 | D:3      | Noticed an ogre
  1521 | D:3      | Noticed an ogre
  1523 | D:3      | Found a transporter.
  1711 | D:3      | Found a faded altar of an unknown god.
  1719 | D:3      | Got Plato's Essays on Shifting
  2190 | D:4      | Identified the +10 dagger "Ulobales" {holy, rElec rF- rC+}
  2613 | D:4      | Found a sacrificial altar of Ru.
  2823 | D:4      | Reached XP level 5. HP: 47/47 MP: 4/4
  2826 | D:4      | Found a basalt altar of Yredelemnul.
  3202 | D:5      | Entered Level 5 of the Dungeon
  3510 | D:5      | Found a staircase to the Ecumenical Temple.
  3586 | D:5      | Found a shimmering blue altar of Sif Muna.
  3714 | D:5      | Reached skill level 5 in Fighting
  3761 | D:5      | Noticed a water moccasin
  3774 | D:5      | Killed a water moccasin
  3775 | D:5      | Reached skill level 1 in Short Blades
  3775 | D:5      | Reached skill level 5 in Armour
  3775 | D:5      | Reached skill level 1 in Dodging
  3775 | D:5      | Reached XP level 6. HP: 26/56 MP: 5/5
  4105 | D:5      | Found a bloodstained altar of Trog.
  4233 | D:5      | Reached skill level 1 in Stealth
  4460 | Temple   | Entered the Ecumenical Temple
  4496 | Temple   | Became a worshipper of Hepliaklqana the Forgotten
  4811 | D:6      | Noticed a gargoyle
  4812 | D:6      | Noticed Sigmund
  4823 | D:6      | Killed Sigmund
  4824 | D:6      | Reached skill level 6 in Fighting
  4824 | D:6      | Reached XP level 7. HP: 52/63 MP: 6/6
  4828 | D:6      | Killed a gargoyle
  4831 | D:6      | Reached XP level 8. HP: 24/71 MP: 7/7
  5064 | D:6      | Found Cehiy's Vocational Training.
  5175 | D:6      | Found a shadowy altar of Dithmenos.
  5183 | D:6      | Found a radiant altar of Vehumet.
  5639 | D:7      | Reached skill level 7 in Fighting
  5717 | D:7      | Reached skill level 5 in Shields
  5935 | D:7      | Reached * piety under Hepliaklqana
  6219 | D:7      | Found a runed translucent door.
  6510 | D:7      | Reached skill level 5 in Short Blades
  6519 | D:7      | HP: 3/65 [poisoned by a killer bee]
  6959 | D:7      | Noticed funnyparkerb's ghost (novice MfMo)
  7222 | D:8      | Reached XP level 9. HP: 16/71 MP: 1/8
  7844 | D:8      | Reached skill level 8 in Fighting
  7941 | D:8      | Reached ** piety under Hepliaklqana
  7942 | D:8      | Gained mutation: You are clumsy. (Dex -2) [potion of
                  | mutation]
  7942 | D:8      | Gained mutation: You are frail. (-10% HP) [potion of
                  | mutation]
  7942 | D:8      | Gained mutation: You are resistant to electric shocks.
                  | (rElec) [potion of mutation]
  7943 | D:8      | Lost mutation: You are clumsy. (Dex -2) [potion of
                  | mutation]
  7943 | D:8      | Lost mutation: You are frail. (-10% HP) [potion of
                  | mutation]
  7943 | D:8      | Gained mutation: You expend magic power (3 MP) to
                  | strengthen your wands. [potion of mutation]
  7944 | D:8      | Lost mutation: You expend magic power (3 MP) to strengthen
                  | your wands. [potion of mutation]
  7944 | D:8      | Lost mutation: You are resistant to electric shocks.
                  | (rElec) [potion of mutation]
  7944 | D:8      | Gained mutation: You are resistant to electric shocks.
                  | (rElec) [potion of mutation]
  7944 | D:8      | Lost mutation: You are resistant to electric shocks.
                  | (rElec) [potion of mutation]
  7944 | D:8      | Gained mutation: You are frail. (-10% HP) [potion of
                  | mutation]
  7944 | D:8      | Gained mutation: You expend magic power (3 MP) to
                  | strengthen your wands. [potion of mutation]
  8140 | D:8      | Noticed a komodo dragon
  8152 | D:8      | Killed a komodo dragon
  8592 | D:8      | Found a staircase to the Lair.
  8613 | D:8      | Reached skill level 9 in Fighting
  8618 | D:8      | Remembered your ancestor Kheti as a hexer
  9117 | D:8      | Found a hide-covered altar of Uskayaw.
  9330 | D:7      | Killed funnyparkerb's ghost
  9331 | D:7      | Reached skill level 10 in Armour
  9389 | D:9      | Noticed Joseph
  9389 | D:9      | Found Nuyrar's Magic Scroll Boutique.
  9390 | D:9      | Noticed a two-headed ogre
  9394 | D:9      | Reached XP level 10. HP: 70/72 MP: 7/9
  9583 | D:8      | Killed Joseph
  9587 | D:8      | Killed a two-headed ogre
  9935 | D:9      | Reached skill level 10 in Fighting
 10880 | D:9      | Found an ornate altar of the Wu Jian Council.
 11022 | D:9      | Identified a scroll of acquirement
 11023 | D:9      | Acquired the +1 buckler of Cemyty {-Cast Rampage rN+ Str+4}
 11055 | D:10     | Entered Level 10 of the Dungeon
 11067 | D:10     | Found a staircase to the Orcish Mines.
 11071 | D:10     | Noticed a two-headed ogre
 11085 | D:10     | Killed a two-headed ogre
 11086 | D:10     | Reached skill level 1 in Evocations
 11148 | D:10     | Reached *** piety under Hepliaklqana
 11159 | D:10     | Noticed a two-headed ogre
 11165 | D:10     | Noticed a smoke demon
 11170 | D:10     | Killed a two-headed ogre
 11171 | D:10     | Reached skill level 11 in Fighting
 11176 | D:10     | Reached XP level 11. HP: 14/81 MP: 1/10
 11205 | D:10     | Found a flagged portal.
 11233 | Bailey   | Entered a bailey
 11718 | Bailey   | Reached skill level 5 in Dodging
 12547 | Bailey   | Noticed an orc knight
 12579 | Bailey   | Killed an orc knight
 13262 | D:10     | Found an iron altar of Okawaru.
 13968 | D:11     | Reached **** piety under Hepliaklqana
 14057 | D:11     | Noticed a boulder beetle
 14080 | D:11     | Killed a boulder beetle
 14556 | D:11     | Found a white marble altar of Elyvilon.
 14855 | D:12     | Noticed a deep elf pyromancer
 14857 | D:12     | Noticed an eight-headed hydra
 14879 | D:12     | Killed an eight-headed hydra
 14880 | D:12     | Reached skill level 12 in Fighting
 14890 | D:12     | Killed a deep elf pyromancer
 15369 | D:12     | Noticed a red ugly thing
 15385 | D:12     | Killed a red ugly thing
 15605 | D:12     | Noticed a cyan ugly thing
 15628 | D:12     | Killed a cyan ugly thing
 15835 | D:12     | Noticed a boulder beetle
 15850 | D:12     | Killed a boulder beetle
 15870 | D:12     | Reached skill level 10 in Short Blades
 16214 | D:12     | Reached skill level 13 in Fighting
 16214 | D:12     | Reached XP level 12. HP: 61/92 MP: 11/11
 17136 | D:13     | Lost mutation: You are frail. (-10% HP) [potion of
                  | mutation]
 17136 | D:13     | Lost mutation: You expend magic power (3 MP) to strengthen
                  | your wands. [potion of mutation]
 17136 | D:13     | Gained mutation: You are somewhat resistant to further
                  | mutation. [potion of mutation]
 17151 | D:13     | Noticed a tengu warrior
 17196 | D:13     | Killed a tengu warrior
 17254 | D:13     | Found a portal to a secret trove of treasure.
 17259 | D:13     | Noticed a two-headed ogre
 17280 | D:13     | Noticed a tengu warrior
 17284 | D:13     | Killed a two-headed ogre
 17292 | D:13     | Noticed a tengu warrior
 17329 | D:13     | Killed a tengu warrior
 17340 | D:13     | Killed a tengu warrior
 17456 | D:13     | HP: 3/104 [manticore/volley of spikes (13)]
 17980 | D:13     | Reached skill level 10 in Shields
 18041 | D:13     | Reached skill level 14 in Fighting
 18043 | D:13     | Slain by a meliai

Illustrated notes

Levels and vault maps discovered:
D:1:      roderic_crop_circles_arrival_small, layout_rooms,
          minmay_tree_intersection
D:2:      layout_basic, uniq_terence
D:3:      layout_basic, gammafunk_ghost_smash,
          shapermc_ecumenical_altar_rom_forum, minmay_door_square,
          serial_bayou_pond_a
D:4:      nicolae_cairo_tiling_very_big, layout_loops_cross,
          nicolae_yredelemnul_corpse_copse, kennysheep_mini_moat, serial_rivers,
          chequers_serial_rivers_room_b, chequers_serial_rivers_marsh,
          chequers_serial_rivers_large_b, chequers_serial_rivers_large_a,
          serial_bayou_crossing
D:5:      layout_gridville, mainiacjoe_overflow_alcove_2,
          mainiacjoe_overflow_concentric_impassable,
          minmay_temple_entry_slanted, portal_sewer_entry_a, nicolae_titane
D:6:      layout_gridville, chequers_temple_overflow_statue_of_worship,
          nicolae_shop_vocational, uniq_sigmund
D:7:      layout_basic, ebering_ghost_reflecting_pool, minmay_fountain_box
D:8:      nicolae_BIG_FREAKIN_CUBE, layout_layer_cave,
          nicolae_uskayaw_murder_on_the_dancefloor,
          grunt_lair_entry_orc_guard_hut
D:9:      layout_basic, mainiacjoe_overflow_alcove_1, serial_shops,
          nicolae_stop_n_shop_2, uniq_joseph
D:10:     layout_rooms, okawaru_ov_weapons_minmay, david_orc_3, enter_bailey_2
D:11:     layout_stronghold, nicolae_elyvilon_temple_path
D:12:     layout_roguey, serial_demonic, serial_demonic_e, serial_demonic_f,
          serial_demonic_b, serial_demonic_c
D:13:     layout_layer_cave, portal_ice_cave_entry_ice_simulacra, enter_trove_0
Temple:   nicolae_temple_ecumenical_triangle

Skill      XL: |  1  2  3  4  5  6  7  8  9 10 11 12 |
---------------+-------------------------------------+-----
Fighting       | 4 5 6 7 9 11 13 14 | 14.0
Armour         | 4 5 6 7 8 10 11 | 11.7
Axes           | 3 4 |  4.1
Shields        | 4 5 6 7 8 10 | 10.1
Short Blades   | 1 2 3 5 7 8 10 | 10.2
Dodging        | 1 2 3 4 6 7 |  7.9
Stealth        | 1 2 3 4 |  4.9
Evocations     | 1 2 |  2.1
Throwing       | |  0.6
Invocations    | |  0.1

Action                   |  1- 3 |  4- 6 |  7- 9 | 10-12 || total
-------------------------+-------+-------+-------+-------++-------
Melee: War axe           |    69 |    36 |       |       ||   105
       Headbutt          |     8 |    18 |    36 |   109 ||   171
       Dagger            |       |    68 |   227 |   522 ||   817
Throw: Throwing net      |       |       |       |     1 ||     1
       Boomerang         |       |       |       |     4 ||     4
Invok: Ancestor Life: He |       |       |     1 |       ||     1
       Recall Ancestor   |       |       |       |     1 ||     1
       Idealise          |       |       |       |     1 ||     1
Evoke: Wand              |       |       |     1 |    17 ||    18
  Use: Scroll            |       |     8 |     8 |     8 ||    24
       Potion            |       |     6 |     9 |    13 ||    28
 Stab: Sleeping          |       |       |       |     3 ||     3
       Distracted        |       |       |       |     6 ||     6
       Confused          |       |       |       |     5 ||     5
Armor: Scale mail        |    27 |    33 |    57 |       ||   117
       Skin              |       |     2 |     2 |    23 ||    27
       Acid dragon scale |       |       |     1 |    84 ||    85
Dodge: Dodged            |    25 |    34 |    59 |   176 ||   294
Block: Buckler           |    17 |    18 |    46 |   189 ||   270
       Reflection        |       |       |       |     7 ||     7
